 Dungeon Crawl Stone Soup version 0.28-b1-25-g9875b3fc8c (console) character file.

Game seed: 14746035391450126656

18 syban the Digger (level 2, 21/21 HPs)
             Began as a Palentonga Earth Elementalist on Jan 31, 2022.
             Was a Follower of Zin.
             Quit the game on level 1 of the Dungeon.
             The game lasted 00:02:39 (1841 turns).

syban the Digger (Palentonga Earth Elementalist)    Turns: 1841, Time: 00:02:40

Health: 21/21      AC:  4    Str: 11    XL:     2   Next: 51%
Magic:  5/5        EV: 10    Int: 15    God:    Zin [*.....]
Gold:   63         SH:  0    Dex: 10    Spells: 4/5 levels left

rFire   . . .      SeeInvis +   d - +0 whip (flame)
rCold   . . .      Faith    .   (no shield)
rNeg    . . .      Spirit   .   b - +0 robe
rPois   +          Reflect  .   (no helmet)
rElec   .          Harm     .   (no cloak)
rCorr   .          Rampage  .   (no gloves)
Will    .....                   (no barding)
Stlth   +.........              (no amulet)
HPRegen 0.07/turn               e - ring of poison resistance
MPRegen 0.09/turn               (no ring)

@: no status effects
A: large, rugged brown scales 3, see invisible, deformed body, roll 1, armoured
tail
a: Rolling Charge, Renounce Religion, Recite, Donate Gold


You were on level 1 of the Dungeon.
You worshipped Zin.
Zin was aware of your devotion.
You visited 1 branch of the dungeon, and saw 1 of its levels.

You collected 69 gold pieces.
You donated 6 gold pieces to Zin.

Inventory:

Hand Weapons
 d - a +0 whip of flaming (weapon)
Missiles
 c - 91 stones
Armour
 b - a +0 robe (worn)
Jewellery
 e - a ring of poison resistance (left hand)
Potions
 a - a potion of invisibility
 g - a potion of ambrosia {unknown}


   Skills:
 * Level 0.9 Fighting
 * Level 0.6 Armour
 * Level 2.1 Dodging
 - Level 1.2 Stealth
 - Level 2.0 Spellcasting
 - Level 1.0 Transmutations
 - Level 2.6 Earth Magic


You had 4 spell levels left.
You knew the following spells:

 Your Spells              Type           Power      Damage    Failure   Level
a - Sandblast             Erth           18%        2d7       8%          1

Your spell library contained the following spells:

 Spells                   Type           Power      Damage    Failure   Level
 Passwall                 Tmut/Erth      5%         N/A       16%         2
 Stone Arrow              Conj/Erth      10%        3d7       36%         3
 Petrify                  Tmut/Erth      7%         N/A       71%         4


Dungeon Overview and Level Annotations

Branches:
Dungeon (1/15)

Altars:
Zin
Beogh


Innate Abilities, Weirdness & Mutations

You are completely covered in rugged brown scales. (AC +3, +7% HP)
You have supernaturally acute eyesight. (SInv)
Armour fits poorly on your strangely shaped body.
You can roll at nearby foes to attack.
You have a long armoured tail.


Message History

No target in view!
Things that are here:
a +0 dagger; a kobold corpse
Things that are here:
a +0 dagger; a kobold corpse
There is an open door here.
Key pressed, stopping explore.
You see here 5 poisoned darts.
Done exploring.
Done exploring.
Done exploring.
Search for what [Enter for "."]? .
Sorry, I don't know how to get there.
Unknown command.
Search for what [Enter for "."]? .
Unknown command.
Search for what [Enter for "."]? .
You see here a +0 robe.
There is a faded altar of an unknown god here.
You see here a scroll of immolation.
As you read the scroll labelled ARRANADWESOAD, it crumbles to dust.
It is a scroll of brand weapon.
Your +0 whip is engulfed in flames!
d - a +0 whip of flaming (weapon)
Unknown command.
Press < or > to pray at altars.
As you read the scroll labelled INYTRO BANYPNA, it crumbles to dust.
You feel strangely unstable.
It was a scroll of teleportation.
Unknown command.
Press < or > to pray at altars.
As you read the scroll labelled ILITICR ROHEA, it crumbles to dust.
It is a scroll of identify.
a - a potion of invisibility You cannot tell which god this altar belongs to.
Convert to them anyway?
Zin accepts your prayer! Zin welcomes you!
You pay a tithe of 6 gold.
You can now donate money to Zin.
You can now recite Zin's Axioms of Law.
Your surroundings suddenly seem different.
Are you sure you want to abandon this character and quit the game? (Confirm with "yes".)

#.'.........>........
#.#.....#############
#.#.....#..........#
#.#.....#.########.#
#.#.....#.#........#
#.#.....#.##########
#.#....##.# #########
#.'....'..# #..#..#.#
###.@..#### ##..##..#
#....# #..##.#.#
###### ###.#.###
####.#... #..######
#.#...#.# #<###..##
##..###.# ##.#.###.


There were no monsters in sight!

Vanquished Creatures
  A ball python (D:1)
  A bat (D:1)
  3 endoplasms (D:1)
  A goblin (D:1)
  A hobgoblin (D:1)
  2 quokkas (D:1)
  A frilled lizard (D:1)
  3 kobolds (D:1)
  3 rats (D:1)
16 creatures vanquished.

Notes
Turn   | Place    | Note
-------+----------+-------------------------------------------
     0 | D:1      | syban the Palentonga Earth Elementalist began the quest for
                  | the Orb.
     0 | D:1      | Reached XP level 1. HP: 13/13 MP: 3/3
   122 | D:1      | Noticed an orc warrior
   122 | D:1      | Noticed an orc priest
  1147 | D:1      | Reached XP level 2. HP: 14/21 MP: 5/5
  1435 | D:1      | Found a faded altar of an unknown god.
  1840 | D:1      | Prayed at the altar of an unknown god.
  1840 | D:1      | Became a worshipper of Zin the Law-Giver
  1840 | D:1      | Reached * piety under Zin
  1841 | D:1      | Quit the game

Illustrated notes

Levels and vault maps discovered:
D:1:      erik_arrival_cave_to_civilisation [erik_arrival_cave_to_temple],
          layout_basic, hellmonk_ecumenical_altar_blasted

Skill      XL: |  1  2 |
---------------+-------+-----
Dodging        | 2 |  2.1
Fighting       | |  0.9
Armour         | |  0.6
Stealth        | |  1.2
Spellcasting   | |  2.0
Transmutations | |  1.0
Earth Magic    | |  2.6

Action                   || total
-------------------------++-------
Melee: Whip              ||    52
       Unarmed           ||    16
       Tailslap          ||     4
 Cast: Sandblast         ||     9
  Use: Scroll            ||     3
Armor: Robe              ||    35
Dodge: Dodged            ||    46
